 Dungeon Crawl Stone Soup version 0.16.2-12-gd0ad4c3 (webtiles) character file.

54436 dvd the Unseen (level 14, -8/71 HPs)
             Began as a Spriggan Enchanter on Oct 14, 2015.
             Was the Champion of Sif Muna.
             Mangled by a black mamba (9 damage)
             ... on level 2 of the Snake Pit on Oct 15, 2015.
             The game lasted 03:15:51 (26054 turns).

dvd the Unseen (Spriggan Enchanter)                Turns: 26054, Time: 03:15:54

Health: -8/71      AC: 25    Str:  6    XL:     14   Next: 34%
Magic:  30/48      EV: 24    Int: 27    God:    Sif Muna [******]
Gold:   1632       SH:  0    Dex: 16    Spells: 13 memorised, 4 levels left

rFire  + . .     SeeInvis +     V - +8 quick blade
rCold  . . .     Clarity  .     f - +2 robe {Archmagi}
rNeg   . . .     SustAb   .     (shield restricted)
rPois  .         Gourm    .     C - +3 hat of Pondering {ponderous, MR+ MP+10 Int+5}
rElec  .         Spirit   .     S - +2 cloak
rCorr  .         Warding  .     (gloves unavailable)
rMut   .         Stasis   .     (boots unavailable)
MR     ++++.                    J - amulet of faith
Stlth  ++++++++..               F - +5 ring of protection
                                U - ring of protection from magic

@: lethally poisoned (-8 -> -14), icy armour, repel missiles, very quick,
incredibly resistant to hostile enchantments, extraordinarily stealthy
A: unfitting armour, hooves 1, see invisible, fire resistance 1, herbivore 3,
speed 3, robust 1, slow metabolism 2, spit poison 1, strong 1, evolution 1
a: Spit Poison, Channel Energy, Forget Spell, Renounce Religion


You were on level 2 of the Snake Pit.
You worshipped Sif Muna.
Sif Muna was exalted by your worship.
You were not hungry.

You visited 4 branches of the dungeon, and saw 23 of its levels.

You collected 1680 gold pieces.
You spent 48 gold pieces at shops.

Inventory:

Hand weapons
 a - a +3 dagger of flaming
 V - a +8 quick blade (weapon)
Missiles
 W - 4 tomahawks of returning (quivered)
Armour
 f - a +2 robe of the Archmagi (worn)
 C - the +3 hat of Pondering (worn) {ponderous, MR+ MP+10 Int+5}
   (You took it off Gastronok on level 10 of the Dungeon)

   It affects your intelligence (+5).
   It affects your resistance to hostile enchantments.
   It affects your magic capacity (+10).
 M - a +2 robe of cold resistance
 O - a +1 robe of magic resistance
 S - a +2 cloak (worn)
Jewellery
 c - a +4 ring of protection
 d - an uncursed ring of protection from fire
 F - a +5 ring of protection (right hand)
 J - an amulet of faith (around neck)
 U - a ring of protection from magic (left hand)
Magical devices
 b - a wand of confusion (10)
 l - a wand of cold (2)
 z - a wand of lightning (5)
 B - a wand of magic darts (10)
 G - a wand of digging (13)
 K - a wand of teleportation (4)
 Q - a wand of draining (5)
 R - a wand of disintegration (13)
 T - a wand of polymorph (14)
Scrolls
 g - 6 scrolls of remove curse
 m - 4 scrolls of enchant armour
 o - 2 scrolls of magic mapping
 q - 11 scrolls of identify
 t - 4 scrolls of blinking
 y - a scroll of teleportation
 A - 3 scrolls of recharging
 E - a scroll of silence
Potions
 e - 8 potions of curing
 h - a potion of cure mutation
 w - 2 potions of brilliance
 Y - 2 potions of agility
 Z - a potion of restore abilities
Books
 i - a book of Death

   Spells                             Type                      Level
   a - Corpse Rot                     Necromancy                   2
   b - Sublimation of Blood           Necromancy                   2
   c - Agony                          Necromancy                   5
   d - Dispel Undead                  Necromancy                   5
   e - Excruciating Wounds            Charms/Necromancy            5
   f - Bolt of Draining               Conjuration/Necromancy       5
 j - a book of Dreams

   Spells                             Type                      Level
   a - Ensorcelled Hibernation        Hexes/Ice                    2
   b - Flight                         Charms/Air                   3
   c - Phase Shift                    Translocation                5
   d - Shadow Creatures               Summoning                    5
   e - Mass Confusion                 Hexes                        6
   f - Darkness                       Hexes                        7
 k - a book of the Warp

   Spells                             Type                      Level
   a - Recall                         Summoning/Translocation      3
   b - Control Teleport               Charms/Translocation         4
   c - Force Lance                    Conjuration/Translocation    4
   d - Phase Shift                    Translocation                5
   e - Warp Weapon                    Charms/Translocation         5
   f - Gell's Gravitas                Hexes/Translocation          5
   g - Summon Forest                  Summoning/Translocation      5
 n - a Fen Folio

   Spells                             Type                      Level
   a - Corpse Rot                     Necromancy                   2
   b - Stone Arrow                    Conjuration/Earth            3
   c - Leda's Liquefaction            Hexes/Earth                  4
   d - Summon Forest                  Summoning/Translocation      5
   e - Hydra Form                     Transmutation                6
   f - Summon Hydra                   Summoning                    7
 r - Sif Muna's Tome of Icy Aid
   (Sif Muna gifted it to you on level 5 of the Lair of Beasts)

   Spells                             Type                      Level
   a - Infusion                       Charms                       1
   b - Freeze                         Ice                          1
   c - Song of Slaying                Charms                       2
   d - Ozocubu's Armour               Charms/Ice                   3
   e - Iskenderun's Battlesphere      Conjuration/Charms           5
   f - Metabolic Englaciation         Hexes/Ice                    5
 u - a book of Minor Magic

   Spells                             Type                      Level
   a - Magic Dart                     Conjuration                  1
   b - Blink                          Translocation                2
   c - Call Imp                       Summoning                    2
   d - Repel Missiles                 Charms/Air                   2
   e - Slow                           Hexes                        2
   f - Conjure Flame                  Conjuration/Fire             3
   g - Mephitic Cloud                 Conjuration/Poison/Air       3
 v - Sif Muna's Collected Works on Enhancements
   (Sif Muna gifted it to you on level 8 of the Lair of Beasts)

   Spells                             Type                      Level
   a - Infusion                       Charms                       1
   b - Shroud of Golubria             Charms/Translocation         2
   c - Spectral Weapon                Hexes/Charms                 3
   d - Excruciating Wounds            Charms/Necromancy            5
   e - Ring of Flames                 Charms/Fire                  7
 x - a book of Maledictions

   Spells                             Type                      Level
   a - Corona                         Hexes                        1
   b - Sure Blade                     Hexes/Charms                 2
   c - Ensorcelled Hibernation        Hexes/Ice                    2
   d - Confuse                        Hexes                        3
   e - Dazzling Spray                 Conjuration/Hexes            3
   f - Enslavement                    Hexes                        4
 D - a book of Changes

   Spells                             Type                      Level
   a - Beastly Appendage              Transmutation                1
   b - Sticks to Snakes               Transmutation                2
   c - Spider Form                    Transmutation/Poison         3
   d - Ice Form                       Ice/Transmutation            4
   e - Blade Hands                    Transmutation                5
 H - a book of Hinderance

   Spells                             Type                      Level
   a - Confusing Touch                Hexes                        2
   b - Confuse                        Hexes                        3
   c - Petrify                        Transmutation/Earth          4
   d - Metabolic Englaciation         Hexes/Ice                    5
   e - Gell's Gravitas                Hexes/Translocation          5
   f - Summon Mana Viper              Hexes/Summoning              5
 I - a book of Geomancy

   Spells                             Type                      Level
   a - Sandblast                      Earth                        1
   b - Stoneskin                      Transmutation/Earth          2
   c - Passwall                       Transmutation/Earth          3
   d - Stone Arrow                    Conjuration/Earth            3
   e - Petrify                        Transmutation/Earth          4
   f - Lee's Rapid Deconstruction     Earth                        5
 N - a book of Party Tricks

   Spells                             Type                      Level
   a - Summon Butterflies             Summoning                    1
   b - Apportation                    Translocation                1
   c - Tukima's Dance                 Hexes                        3
   d - Alistair's Intoxication        Transmutation/Poison         4
   e - Invisibility                   Hexes                        6
 P - a book of Burglary

   Spells                             Type                      Level
   a - Swiftness                      Charms/Air                   2
   b - Passwall                       Transmutation/Earth          3
   c - Passage of Golubria            Translocation                4
   d - Lee's Rapid Deconstruction     Earth                        5
   e - Invisibility                   Hexes                        6
   f - Darkness                       Hexes                        7
 X - a Young Poisoner's Handbook

   Spells                             Type                      Level
   a - Sting                          Conjuration/Poison           1
   b - Cure Poison                    Poison                       2
   c - Mephitic Cloud                 Conjuration/Poison/Air       3
   d - Olgreb's Toxic Radiance        Poison                       4
   e - Venom Bolt                     Conjuration/Poison           5
Comestibles
 p - 5 bread rations
 s - 15 fruits
 L - 4 royal jellies


   Skills:
 + Level 3.9 Fighting
 + Level 5.0 Short Blades
 + Level 0.2 Throwing
 + Level 9.2 Dodging
 + Level 18.9 Stealth
 + Level 0.2 Unarmed Combat
 + Level 15.3 Spellcasting
 + Level 13.1 Hexes
 + Level 5.5 Charms
 + Level 3.5 Necromancy
 + Level 3.7 Translocations
 + Level 2.4 Transmutations
 + Level 6.3 Ice Magic
 + Level 0.5 Air Magic
   Level 1.0 Earth Magic
 + Level 0.4 Poison Magic
 + Level 1.1 Invocations
 + Level 2.2 Evocations


You had 4 spell levels left.
You knew the following spells:

 Your Spells              Type           Power        Failure   Level  Hunger
a - Ozocubu's Armour      Chrm/Ice       ######..     1%          3    None
b - Ensorcelled Hibernat  Hex/Ice        ######       1%          2    None
c - Sure Blade            Hex/Chrm       #######...   1%          2    None
d - Confuse               Hex            #######.     1%          3    None
e - Enslavement           Hex            #######.     1%          4    None
f - Corpse Rot            Necr           N/A          1%          2    None
g - Warp Weapon           Chrm/Tloc      ######....   14%         5    None
h - Metabolic Englaciati  Hex/Ice        #######...   1%          5    None
i - Blink                 Tloc           N/A          1%          2    None
j - Cure Poison           Pois           ####......   3%          2    None
k - Repel Missiles        Chrm/Air       ######       1%          2    None
l - Flight                Chrm/Air       ######....   2%          3    None
m - Ice Form              Ice/Trmt       ######..     4%          4    None


Dungeon Overview and Level Annotations

Branches:
Dungeon (12/15)            Temple (1/1) D:4            Lair (8/8) D:11
  Swamp (0/5) Lair:4        Snake (2/5) Lair:6        Slime (0/6) Lair:7
    Orc (0/4) D:12

Altars:
Ashenzari
Cheibriados
Dithmenos
Elyvilon
Fedhas
Gozag
Kikubaaqudgha
Makhleb
Nemelex Xobeh
Okawaru
Qazlal
Ru
Sif Muna
Trog
Vehumet
Xom
Yredelemnul
Zin
The Shining One

Shops:
D:4 %   D:12 (

Portals:
Hell: Lair:8


Innate Abilities, Weirdness & Mutations

You are tiny and cannot use many weapons and most armour.
You have supernaturally acute eyesight.
You are a herbivore.
You cover ground extremely quickly.
You need consume almost no food.
You have large cloven feet.
Your flesh is heat resistant.
You are robust (+10% HP).
You can spit poison.
Your muscles are strong. (Str +2)
You evolve.


Message History

The black mamba bites you but does no damage.
The black mamba barely misses you. The black mamba bites you.
* * * LOW HITPOINT WARNING * * *
You are lethally poisoned!
The black mamba poisons you! The black mamba completely misses you.
Casting: Cure Poison
Confirm with . or Enter, or press ? or * to list all spells.
You feel a surge of power!
You blink.
* * * LOW HITPOINT WARNING * * *
You feel very sick.
* * * LOW HITPOINT WARNING * * *
You are more poisoned.
Casting: Blink
Confirm with . or Enter, or press ? or * to list all spells.
You feel a surge of power!
You are no longer poisoned.
* * * LOW HITPOINT WARNING * * *
You are lethally poisoned!
The naga ritualist's toxic aura wanes.
The black mamba bites you!
You die...

..#### ...# S......######
.(..#
.S...........###....#
......##.......^.....#
.......##..............
..S.....#.......##.......
.. #.S.........##........
...$)####†..P.).#.......#
......###......S@......#
............}..S....$.##
....##......N.......###
#(.#.#....S§.......#####.
....
#####?#..####.........
... ######<#.......... .
####........ ....#####
......


You could see a naga ritualist, 2 black mambas and a water moccasin.

Vanquished Creatures
  Maud (Lair:5)
  Gastronok (D:10)
  A dire elephant (Lair:8)
  6 hydras
  Harold (Lair:6)
  3 naga warriors (Snake:1)
  A centaur warrior (D:11)
  An anaconda (Snake:1)
  5 death yaks
  A wolf (D:9)
  3 hill giants
  A wizard (Lair:8)
  A manticore (D:11)
  A griffon (Lair:8)
  An ugly thing (D:10)
  6 elephants
  7 spiny frogs
  Maurice (D:11)
  Joseph (D:11)
  11 black mambas
  2 naga magi
  2 orange demons (Lair:8)
  3 fire drakes
  7 komodo dragons
  A hellwing (Lair:8)
  The ghost of dearth the Cudgeler, an average MiFi (D:3)
  A polar bear (Lair:8)
  4 blue devils (Lair:8)
  2 trolls
  8 blink frogs
  A slime creature (D:7)
  3 basilisks
  A two-headed ogre (D:9)
  A human (D:12)
  7 hippogriffs
  33 yaks
  4 hungry ghosts
  A warg (D:12)
  Blork the orc (D:7)
  11 nagas
  A soldier ant (D:11)
  3 orc warriors
  9 porcupines
  2 black bears
  2 necrophages (D:12)
  2 ice beasts
  19 water moccasins
  3 phantoms
  A wasp (D:12)
  14 crocodiles
  2 sky beasts
  3 ogres
  A boring beetle (Lair:8)
  7 centaurs
  A big kobold (D:11)
  17 giant frogs
  2 scorpions
  9 wights
  13 killer bees (D:10)
  2 electric eels
  6 hounds
  10 crimson imps
  A black bear zombie (D:12)
  7 orc priests
  A human zombie (D:12)
  8 jellies
  6 worker ants
  A giant frog zombie (D:5)
  10 iguanas
  9 orc wizards
  2 hell rats (Lair:1)
  11 sheep
  Ijyb (D:2)
  Jessica (D:2)
  2 hound skeletons
  A worker ant zombie (D:7)
  60 river rats
  2 gnolls (D:5)
  26 adders
  4 shadow imps
  3 giant mites
  4 worms
  2 orc zombies (D:12)
  3 giant geckos
  19 oozes
  36 orcs
  A bat skeleton (D:4)
  A bat zombie (D:5)
  4 giant cockroaches
  8 goblins
  13 hobgoblins
  13 jackals
  18 quokkas
  A ball python (D:2)
  21 bats
  A giant newt (D:3)
  A giant spore (D:9)
  A jackal zombie (D:9)
  17 kobolds
  14 rats
  A ballistomycete (D:9)
  A fungus (Lair:5)
  2 plants
615 creatures vanquished.

Vanquished Creatures (collateral kills)
  An oklob plant (D:11)
  3 orange demons (Lair:8)
  A black mamba (Snake:1)
  A red devil (Lair:8)
  A queen bee (D:10)
  Grum (D:9)
  2 yaks (D:9)
  2 wolves (D:9)
  A naga (Snake:1)
  An orc warrior (D:12)
  A centaur (D:12)
  A crocodile (Lair:4)
  4 killer bees (D:10)
  2 orc wizards
  A worker ant (D:7)
  A sheep (Lair:7)
  2 gnolls (D:5)
  An adder (Lair:1)
  A giant mite (D:9)
  6 orcs
  2 jackals (D:9)
  A quokka (Lair:2)
  A giant gecko (D:9)
  A kobold (D:9)
  A rat (D:7)
40 creatures vanquished.

Vanquished Creatures (others)
  A hell beast (Lair:8)
  A mana viper (Snake:1)
  2 spiny frogs (Lair:7)
  A two-headed ogre (D:12)
  2 yaks
  2 nagas (Snake:1)
  A water moccasin (Snake:1)
  A porcupine (Lair:7)
  2 centaurs
  A boring beetle (Lair:8)
  A wight (D:11)
  A sheep (Lair:7)
  9 fungi
  A plant (Lair:7)
26 creatures vanquished.

Grand Total: 681 creatures vanquished

Notes
Turn   | Place    | Note
--------------------------------------------------------------
     0 | D:1      | dvd, the Spriggan Enchanter, began the quest for the Orb.
     0 | D:1      | Reached XP level 1. HP: 9/9 MP: 4/4
   296 | D:1      | Reached XP level 2. HP: 8/13 MP: 4/8
   526 | D:1      | Learned a level 2 spell: Ensorcelled Hibernation
   530 | D:1      | Learned a level 2 spell: Sure Blade
  1007 | D:2      | Reached XP level 3. HP: 16/16 MP: 5/11
  1150 | D:2      | Reached skill level 5 in Stealth
  1377 | D:2      | Found a white marble altar of Elyvilon.
  1567 | D:2      | Noticed Jessica
  1629 | D:2      | Killed Jessica
  1629 | D:2      | Reached XP level 4. HP: 6/21 MP: 1/14
  1853 | D:2      | Learned a level 3 spell: Confuse
  1859 | D:2      | Noticed Ijyb
  1872 | D:2      | HP: 1/21 [Ijyb/enchanted club (5)]
  2164 | D:2      | Killed Ijyb
  2644 | D:3      | Noticed dearth's ghost (average MiFi)
  2700 | D:3      | Found a sacrificial altar of Ru.
  2852 | D:3      | Reached skill level 1 in Ice Magic
  3110 | D:3      | Became a worshipper of Ru the Awakened
  3326 | D:3      | Killed dearth's ghost
  3326 | D:3      | Reached skill level 1 in Fighting
  3326 | D:3      | Reached skill level 7 in Stealth
  3326 | D:3      | Reached skill level 5 in Hexes
  3326 | D:3      | Reached XP level 5. HP: 19/25 MP: 3/18
  3326 | D:3      | Reached XP level 6. HP: 22/30 MP: 3/20
  3639 | D:4      | Learned a level 4 spell: Enslavement
  3986 | D:4      | Reached XP level 7. HP: 33/33 MP: 7/22
  4281 | D:4      | Found a deep blue altar of Sif Muna.
  4299 | D:4      | Fell from the grace of Ru
  4307 | D:4      | Became a worshipper of Sif Muna the Loreminder
  4312 | D:4      | Found a staircase to the Ecumenical Temple.
  4320 | Temple   | Entered the Ecumenical Temple
  4715 | D:4      | Found Zehoqash's Food Emporium.
  4762 | D:5      | Entered Level 5 of the Dungeon
  4797 | D:5      | Reached skill level 8 in Stealth
  4934 | D:5      | Reached skill level 5 in Spellcasting
  4934 | D:5      | Reached skill level 1 in Charms
  4943 | D:5      | Found a shattered altar of Ashenzari.
  4944 | D:5      | Found a radiant altar of Vehumet.
  5055 | D:5      | Acquired Sif Muna's first power
  5055 | D:5      | Reached XP level 8. HP: 32/37 MP: 8/25
  5063 | D:5      | Reached skill level 9 in Stealth
  5552 | D:5      | Found a shimmering altar of Xom.
  6008 | D:6      | Reached skill level 10 in Stealth
  6475 | D:7      | Found an opulent altar of Gozag.
  6521 | D:7      | Got a translucent steel ring
  6523 | D:7      | Identified the ring of Isunteun {-Cast +Fly rPois rN+ MR+ Int+3} (You found it on level 7 of the Dungeon)
  6618 | D:7      | Noticed Blork the orc
  6958 | D:7      | Killed Blork the orc
  6958 | D:7      | Reached XP level 9. HP: 34/41 MP: 21/28
  6997 | D:7      | Reached skill level 11 in Stealth
  7013 | D:7      | Learned a level 2 spell: Corpse Rot
  7165 | D:7      | Noticed a slime creature
  7204 | D:7      | Killed a slime creature
  7204 | D:7      | Acquired Sif Muna's second power
  7415 | D:7      | Reached skill level 5 in Dodging
  7998 | D:8      | Reached skill level 12 in Stealth
  8362 | D:9      | Found a radiant altar of Vehumet.
  8381 | D:9      | Learned a level 1 spell: Beastly Appendage
  8434 | D:9      | Noticed Grum
  8475 | D:9      | Killed Grum
  8897 | D:9      | Learned a level 5 spell: Metabolic Englaciation
  8927 | D:9      | Reached XP level 10. HP: 46/46 MP: 16/30
  9458 | D:10     | Entered Level 10 of the Dungeon
  9469 | D:10     | Noticed Gastronok
  9472 | D:10     | Noticed a purple ugly thing
  9641 | D:10     | Killed a purple ugly thing
  9641 | D:10     | Reached skill level 13 in Stealth
  9995 | D:10     | Reached skill level 1 in Necromancy
 10499 | D:10     | Reached skill level 10 in Spellcasting
 10821 | D:11     | Acquired Sif Muna's third power
 11625 | D:11     | Noticed Maurice
 11628 | D:11     | Killed Maurice
 11628 | D:11     | Reached skill level 14 in Stealth
 11720 | D:11     | Noticed a hill giant
 11732 | D:11     | Killed a hill giant
 11732 | D:11     | Reached skill level 1 in Transmutations
 11732 | D:11     | Reached XP level 11. HP: 51/51 MP: 24/32
 11739 | D:11     | Learned a level 2 spell: Stoneskin
 11747 | D:11     | Noticed a manticore
 11770 | D:11     | Killed a manticore
 11783 | D:11     | Reached skill level 10 in Hexes
 11822 | D:11     | Found a staircase to the Lair.
 11822 | D:11     | Noticed an oklob plant
 11854 | D:11     | Noticed a centaur warrior
 11866 | D:11     | Killed a centaur warrior
 12176 | D:11     | Noticed Joseph
 12193 | D:11     | Killed Joseph
 12503 | D:10     | Gained mutation: Your muscles are strong. (Str +2) [potion of mutation]
 12503 | D:10     | Gained mutation: You are robust (+10% HP). [potion of mutation]
 12503 | D:10     | Gained mutation: You evolve. [potion of mutation]
 12570 | D:12     | Noticed a hill giant
 12736 | D:12     | Killed a hill giant
 13215 | D:12     | Found a staircase to the Orcish Mines.
 13231 | D:12     | Noticed a hill giant
 13288 | D:12     | HP: 1/56 [hill giant/giant club (27)]
 13606 | D:12     | Killed a hill giant
 13606 | D:12     | Reached skill level 15 in Stealth
 13851 | D:12     | Learned a level 2 spell: Cure Poison
 14006 | D:12     | Found Veolysen's Antique Weapon Emporium.
 14015 | D:12     | Bought a glowing dagger for 48 gold pieces
 14193 | D:11     | Gained mutation: Your flesh is heat resistant. [evolution]
 14321 | D:11     | Killed an oklob plant
 14564 | Lair:1   | Entered Level 1 of the Lair of Beasts
 14635 | Lair:1   | Noticed a four-headed hydra
 14650 | Lair:1   | Killed a four-headed hydra
 14842 | Lair:1   | Found a radiant altar of Vehumet.
 15103 | Lair:1   | Learned a level 2 spell: Repel Missiles
 15155 | Lair:1   | Reached XP level 12. HP: 61/61 MP: 27/34
 15438 | Lair:1   | Reached skill level 1 in Evocations
 15868 | Lair:1   | Learned a level 3 spell: Flight
 15871 | Lair:1   | Learned a level 2 spell: Blink
 15979 | Lair:1   | Noticed a four-headed hydra
 16071 | Lair:1   | Killed a four-headed hydra
 16669 | Lair:2   | Reached skill level 1 in Translocations
 17298 | D:10     | Killed Gastronok
 17298 | D:10     | Received a gift from Sif Muna
 17298 | D:10     | Reached skill level 16 in Stealth
 17795 | Lair:3   | Learned a level 5 spell: Gell's Gravitas
 18095 | Lair:4   | Gained mutation: You can spit poison. [evolution]
 18185 | Lair:4   | Reached skill level 5 in Ice Magic
 18866 | Lair:4   | Found a staircase to the Swamp.
 19094 | Lair:4   | Reached skill level 1 in Earth Magic
 19378 | Lair:4   | Noticed a seven-headed hydra
 19406 | Lair:4   | Killed a seven-headed hydra
 19534 | Lair:4   | Reached XP level 13. HP: 66/66 MP: 36/36
 19785 | Lair:5   | Identified a scroll of acquirement
 19994 | Lair:5   | Noticed Maud
 20036 | Lair:5   | Killed Maud
 20081 | Lair:5   | Received a gift from Sif Muna
 20087 | Lair:5   | Identified Sif Muna's Tome of Icy Aid (Sif Muna gifted it to you on level 5 of the Lair of Beasts)
 20092 | Lair:5   | Learned a level 3 spell: Ozocubu's Armour
 20907 | Lair:5   | Reached skill level 17 in Stealth
 21337 | Lair:6   | Noticed Harold
 21345 | Lair:6   | Killed Harold
 21668 | Lair:6   | Found a staircase to the Snake Pit.
 21839 | Lair:6   | Found an ancient bone altar of Kikubaaqudgha.
 22147 | Lair:7   | Reached skill level 5 in Charms
 22230 | Lair:7   | Found a staircase to the Slime Pits.
 23066 | Lair:8   | Entered Level 8 of the Lair of Beasts
 23458 | Lair:8   | Noticed a dire elephant
 23462 | Lair:8   | Killed a dire elephant
 23462 | Lair:8   | Reached skill level 18 in Stealth
 23534 | Lair:8   | Found a burning altar of Makhleb.
 23869 | Lair:8   | Reached XP level 14. HP: 71/71 MP: 37/38
 24109 | Lair:8   | Received a gift from Sif Muna
 24111 | Lair:8   | Identified Sif Muna's Collected Works on Enhancements (Sif Muna gifted it to you on level 8 of the Lair of Beasts)
 24149 | Lair:8   | Found a gateway to Hell.
 24174 | Lair:8   | Learned a level 4 spell: Ice Form
 24325 | Snake:1  | Entered Level 1 of the Snake Pit
 24407 | Snake:1  | Reached skill level 1 in Invocations
 24486 | Snake:1  | Learned a level 5 spell: Warp Weapon
 24550 | Snake:1  | Reached skill level 5 in Short Blades
 24550 | Snake:1  | Reached skill level 15 in Spellcasting
 24811 | Snake:1  | Gained mutation: You have large cloven feet. [evolution]
 26054 | Snake:2  | HP: 1/71 [naga ritualist/Olgreb's Toxic Radiance (9)]
 26054 | Snake:2  | Mangled by a black mamba

Action                   |  1- 3 |  4- 6 |  7- 9 | 10-12 | 13-15 || total
-------------------------+-------+-------+-------+-------+-------++-------
Melee: Dagger            |   113 |    53 |   295 |   420 |   294 ||  1175
       Short sword       |       |    18 |    25 |   201 |       ||   244
       Rapier            |       |       |       |    62 |     4 ||    66
       Quick blade       |       |       |       |       |    92 ||    92
       Unarmed           |       |       |       |       |     4 ||     4
Throw: Tomahawk          |       |       |       |     6 |       ||     6
 Cast: Corona            |    16 |       |       |       |       ||    16
       Ensorcelled Hiber |    25 |    31 |    95 |   204 |   114 ||   469
       Sure Blade        |     9 |     9 |    35 |    57 |    17 ||   127
       Confuse           |       |    10 |    30 |    77 |    66 ||   183
       Enslavement       |       |       |     8 |    31 |    11 ||    50
       Corpse Rot        |       |       |     6 |    51 |    32 ||    89
       Beastly Appendage |       |       |     1 |    19 |     1 ||    21
       Metabolic Englaci |       |       |       |     6 |     3 ||     9
       Stoneskin         |       |       |       |    18 |     2 ||    20
       Repel Missiles    |       |       |       |     1 |     1 ||     2
       Blink             |       |       |       |    31 |    13 ||    44
       Gell's Gravitas   |       |       |       |     3 |     1 ||     4
       Cure Poison       |       |       |       |     2 |     8 ||    10
       Flight            |       |       |       |     1 |     6 ||     7
       Ozocubu's Armour  |       |       |       |       |    27 ||    27
       Warp Weapon       |       |       |       |       |     9 ||     9
       Ice Form          |       |       |       |       |     1 ||     1
Invok: Renounce Religion |       |       |     1 |       |       ||     1
       Channel Energy    |       |       |       |    11 |     5 ||    16
       Forget Spell      |       |       |       |       |     4 ||     4
 Abil: Spit Poison       |       |       |       |       |     4 ||     4
       End Transformatio |       |       |       |       |     1 ||     1
Evoke: Wand              |       |       |     1 |    26 |    13 ||    40
  Use: Scroll            |       |     6 |     8 |    13 |    10 ||    37
       Potion            |       |       |     8 |     7 |     1 ||    16
 Stab: Sleeping          |    25 |    30 |    81 |   182 |   112 ||   430
       Confused          |       |     6 |    16 |    54 |    43 ||   119
       Distracted        |       |     1 |       |       |       ||     1
  Eat: Bread ration      |       |     1 |     1 |     2 |       ||     4
       Pizza             |       |       |     1 |     1 |     2 ||     4
       Royal jelly       |       |       |       |     2 |     2 ||     4
